 Dungeon Crawl Stone Soup version 0.27.1-1-g398f81649c (webtiles) character file.

Game seed: 8341628283674790192

4349 ZARRMARR the Covert (level 10, -2/66 HPs)
             Began as an Octopode Conjurer on Sept 7, 2021.
             Was a Believer of Sif Muna.
             Shot with an arrow by a centaur warrior (33 damage)
             ... on level 13 of the Dungeon.
             The game lasted 00:44:12 (10307 turns).

ZARRMARR the Covert (Octopode Conjurer)            Turns: 10307, Time: 00:44:13

Health: -2/66      AC:  1    Str:  9    XL:     10   Next: 34%
Magic:  9/18       EV: 16    Int: 29    God:    Sif Muna [**....]
Gold:   352        SH:  8    Dex: 16    Spells: 15/19 levels left

rFire    . . .     SeeInvis .   o - +3 short sword of Eternal Night {holy, rElec Str+3 Int+4}
rCold    + + .     Faith    +   e - +3 buckler
rNeg     . . .     Spirit   .   (helmet restricted)
rPois    .         Reflect  .   w - amulet of faith
rElec    +         Harm     .   a - ring of fire
rCorr    .         Rampage  .   b - ring of ice
Will     +....                  q - ring of protection from cold
Stlth    +++++.....             s - +6 ring of dexterity
HPRegen  0.21/turn              u - ring of willpower
MPRegen  0.16/turn              D - ring of protection from cold
                                (no ring)
                                (no ring)

@: no status effects
A: almost no armour, amphibious, 8 rings, camouflage 1, gelatinous body 1,
(nimble swimmer 1), tentacles
a: Renounce Religion, Channel Magic


You were on level 13 of the Dungeon.
You worshipped Sif Muna.
Sif Muna was pleased with you.
You visited 2 branches of the dungeon, and saw 12 of its levels.

You collected 466 gold pieces.
You spent 114 gold pieces at shops.

Inventory:

Hand Weapons
 o - the +3 short sword of Eternal Night (weapon) {holy, rElec Str+3 Int+4}
   (You found it on level 6 of the Dungeon)

   It has been blessed by the Shining One to cause great damage to the undead
   and demons.
   Str:       It affects your strength (+3).
   Int:       It affects your intelligence (+4).
   rElec:     It insulates you from electricity.
Missiles
 A - 2 throwing nets
Armour
 d - a +0 kite shield
 e - a +3 buckler (worn)
Jewellery
 a - a ring of fire (left tentacle)
 b - a ring of ice (right tentacle)
 q - a ring of protection from cold (on tentacle)
 s - a +6 ring of dexterity (on tentacle)
 u - a ring of willpower (on tentacle)
 w - an amulet of faith (around mantle)
 D - a ring of protection from cold (on tentacle)
Wands
 z - a wand of iceblast (9)
Scrolls
 c - 2 scrolls of amnesia
 g - a scroll of vulnerability
 h - a scroll of fog
 l - a scroll of fear
 t - 2 scrolls of enchant armour
 y - 2 scrolls of torment
Potions
 f - 2 potions of haste {unknown}
 i - a potion of brilliance {unknown}
 k - 2 potions of magic {unknown}
 m - 2 potions of attraction {unknown}
 p - a potion of lignification {unknown}
 r - a potion of berserk rage {unknown}
 v - 3 potions of curing {unknown}
 x - 2 potions of mutation {unknown}
 C - a potion of heal wounds {unknown}
Miscellaneous
 B - a tin of tremorstones (2/2)


   Skills:
 + Level 5.3 Fighting
 * Level 5.8 Short Blades
 + Level 5.9 Dodging
 + Level 8.3 Stealth
 - Level 4.0 Shields
 + Level 5.4 Spellcasting
 + Level 6.8 Conjurations
 + Level 3.1 Invocations


You had 15 spell levels left.
You knew the following spells:

 Your Spells              Type           Power      Damage    Failure   Level
a - Magic Dart            Conj           100%       1d8       1%          1
b - Searing Ray           Conj           94%        3d6       1%          2
c - Apportation           Tloc           14%        N/A       6%          1

Your spell library contained the following spells:

 Spells                   Type           Power      Damage    Failure   Level
 Dazzling Flash           Conj/Hex       54%        N/A       4%          3
 Slow                     Hex            7%         N/A       9%          2
 Sublimation of Blood     Necr           3%         N/A       9%          2
 Wereblood                Tmut           7%         N/A       9%          2
 Fulminant Prism          Conj/Hex       13%        3d9       14%         4
 Iskenderun's Mystic Bla  Conj/Tloc      27%        2d7       14%         4
 Confusing Touch          Hex            7%         N/A       19%         3
 Gell's Gravitas          Tloc           3%         N/A       19%         3
 Lesser Beckoning         Tloc           3%         N/A       19%         3
 Teleport Other           Tloc           7%         N/A       19%         3
 Alistair's Intoxication  Tmut/Pois      4%         N/A       86%         5
 Yara's Violent Unravell  Hex/Tmut       3%         3d4       86%         5
 Invisibility             Hex            3%         N/A       100%        6
 Summon Hydra             Summ           3%         N/A       100%        7


Dungeon Overview and Level Annotations

Branches:
Dungeon (10/15)            Temple (1/1) D:6
   Lair: D:8-11         Orc: D:9-12

Altars:
Ashenzari
Dithmenos
Elyvilon
Fedhas
Gozag
Hepliaklqana
Kikubaaqudgha
Makhleb
Nemelex Xobeh
Okawaru
Qazlal
Ru
Sif Muna
Uskayaw
Vehumet
Wu Jian
Xom
Yredelemnul
Zin
The Shining One

Shops:
D:6 ?   D:10 [

Annotations:
D:2 Natasha, Sigmund
D:4 exclusions: adder, 2 endoplasms, iguana, lemure, ogre and worm, Pikel
D:6 exclusions: adder and phantom, Edmund
D:8 exclusion: wyvern
D:10 exclusion: ugly thing


Innate Abilities, Weirdness & Mutations

You cannot wear most types of armour.
You are amphibious.
You can wear up to eight rings at the same time.
Your skin changes colour to match your surroundings (Stealth+).
Your rubbery body absorbs attacks. (AC +1, EV +1)
((You are camouflaged near water. (Stealth+)))
You have tentacles for arms and can constrict up to eight enemies at once.


Message History

Confirm with . or Enter, or press ? or * to list all spells.
Aiming: Apportation (safe; 6% risk of failure)
Press: ? - help, Dir - move target Apport: 16 gold pieces Yoink!
You pull the items towards yourself.
You now have 352 gold pieces (gained 16).
You start resting.
The meliai enters a dispersal trap!
You blink.
Found 16 sling bullets.
The meliai blinks!
A meliai opens the door.
A boulder beetle and a centaur warrior come into view.
The boulder beetle moves out of view.
A two-headed ogre and a wind drake come into view.
Unknown command.
Unknown command.
You start resting.
A boulder beetle is nearby!
As you read the scroll of teleportation, it crumbles to dust.
You feel strangely unstable.
Casting: Apportation (safe; 6% risk of failure)
Confirm with . or Enter, or press ? or * to list all spells.
Aiming: Searing Ray (safe; 1% risk of failure)
Press: ? - help, Shift-Dir - straight line, f - boulder beetle
Aim: a boulder beetle (100% to hit)
The searing ray hits the boulder beetle.
The boulder beetle is lightly wounded. (Press . to maintain the ray.) Unknown command.
The searing ray hits the boulder beetle but does no damage.
The boulder beetle is lightly wounded.
Your surroundings seem slightly different.
The boulder beetle leaps!
As you read the scroll of fear, it crumbles to dust.
You assume a fearsome visage.
The boulder beetle looks frightened!
The boulder beetle leaps!
The centaur warrior wields a +0 longbow.
The centaur warrior shoots an arrow.
The arrow hits you!!
The centaur warrior shoots an arrow.
The arrow hits you!!
Ouch! That really hurt!
You die...

########
#......#######
#.....y.......
#....##.......
#...## #.....#
#..## #...##
#.@## #'## ##.
#...## .y. ##..
#....## k#.##..^
#.....# O.#....
#######.....'.
.'....
............#.c.
#....
...........##.#.
#...
......^...## .
#.. .........##
##.


You could see a centaur warrior.

Vanquished Creatures
  A hornet (D:10)
  2 shadows (D:10)
  A wyvern (D:9)
  4 yaks (D:10)
  A steam dragon (D:7)
  2 black bears
  An orc warrior (D:10)
  A sky beast (D:7)
  2 ogres (D:6)
  A boggart (D:10)
  3 centaurs
  A phantom (D:10)
  2 bullfrogs
  3 scorpions
  A water moccasin skeleton (D:5)
  7 howler monkeys
  2 centaur zombies
  A bullfrog zombie (D:6)
  A hound (D:6)
  A jelly (D:4)
  2 gnoll shamans
  Natasha (D:2)
  2 iguanas (D:6)
  7 orc wizards
  3 killer bee zombies
  3 ogre zombies (D:10)
  8 adders
  15 gnolls
  An ufetubus (D:5)
  A worm (D:3)
  3 dart slugs
  6 orcs
  7 ball pythons
  4 endoplasms
  A giant cockroach (D:4)
  3 hobgoblins
  3 kobolds
  3 quokkas
  4 bats
  A frilled lizard (D:2)
  4 goblins
  A goblin zombie (D:10)
  A hobgoblin skeleton (D:10)
  2 hobgoblin zombies (D:10)
  11 orc zombies (D:10)
  6 rats
141 creatures vanquished.

Vanquished Creatures (collateral kills)
  A hornet (D:10)
  A slime creature (D:10)
2 creatures vanquished.

Vanquished Creatures (others)
  26 fungi (D:8)
  44 plants (D:8)
70 creatures vanquished.

Grand Total: 213 creatures vanquished

Notes
Turn   | Place    | Note
-------+----------+-------------------------------------------
     0 | D:1      | ZARRMARR the Octopode Conjurer began the quest for the Orb.
     0 | D:1      | Reached XP level 1. HP: 11/11 MP: 3/3
   211 | D:1      | Reached XP level 2. HP: 14/18 MP: 3/5
   214 | D:1      | Reached skill level 3 in Stealth
   854 | D:1      | Reached XP level 3. HP: 22/22 MP: 1/6
  1167 | D:1      | Learned a level 2 spell: Searing Ray
  1491 | D:2      | Reached skill level 1 in Fighting
  1625 | D:2      | Noticed Natasha
  1634 | D:2      | Killed Natasha
  1635 | D:2      | Reached XP level 4. HP: 17/28 MP: 0/7
  1859 | D:2      | Noticed Natasha
  1913 | D:2      | Noticed Sigmund
  2286 | D:3      | Reached XP level 5. HP: 15/33 MP: 2/9
  2290 | D:3      | Reached skill level 4 in Stealth
  2290 | D:3      | Reached skill level 1 in Shields
  2910 | D:4      | Noticed an ogre
  3086 | D:4      | Noticed a lemure
  3271 | D:4      | Found a burning altar of Makhleb.
  3556 | D:4      | Noticed Pikel
  3556 | D:4      | Noticed a lemure
  3556 | D:4      | Noticed a lemure
  3556 | D:4      | Noticed a lemure
  3618 | D:5      | Entered Level 5 of the Dungeon
  3650 | D:5      | Reached XP level 6. HP: 39/39 MP: 5/10
  4160 | D:5      | Found an iron altar of Okawaru.
  4175 | D:5      | Reached XP level 7. HP: 26/45 MP: 3/11
  4791 | D:5      | Found an iron altar of Okawaru.
  5193 | D:6      | Reached skill level 5 in Stealth
  5193 | D:6      | Reached skill level 5 in Conjurations
  5340 | D:6      | Found Ommou's Magic Scroll Emporium.
  5343 | D:6      | Bought a scroll of summoning for 114 gold pieces
  5414 | D:6      | Learned a level 1 spell: Apportation
  5495 | D:6      | Found a staircase to the Ecumenical Temple.
  5508 | Temple   | Entered the Ecumenical Temple
  5614 | Temple   | Became a worshipper of Sif Muna the Loreminder
  5791 | D:6      | Reached XP level 8. HP: 52/52 MP: 7/13
  5829 | D:6      | Found a radiant altar of Vehumet.
  5889 | D:6      | Identified the +3 short sword of Eternal Night {holy, rElec
                  | Str+3 Int+4}
  5940 | D:6      | Found a hide-covered altar of Uskayaw.
  5972 | D:6      | Noticed Edmund
  6004 | D:6      | Reached skill level 1 in Short Blades
  6471 | D:7      | Found a basalt altar of Yredelemnul.
  6588 | D:7      | Reached skill level 6 in Stealth
  6732 | D:7      | Found a sparkling altar of Nemelex Xobeh.
  6732 | D:7      | Found an opulent altar of Gozag.
  6927 | D:7      | Found a glowing silver altar of Zin.
  7014 | D:8      | Noticed a yak
  7014 | D:8      | Noticed a yak
  7015 | D:8      | Noticed a boulder beetle
  7232 | D:8      | Noticed a wyvern
  7363 | D:9      | Reached XP level 9. HP: 58/58 MP: 15/15
  7562 | D:9      | Reached * piety under Sif Muna
  7613 | D:9      | Reached skill level 7 in Stealth
  7811 | D:9      | Found a sacrificial altar of Ru.
  8196 | D:10     | Entered Level 10 of the Dungeon
  8204 | D:10     | Reached skill level 5 in Dodging
  8204 | D:10     | Reached skill level 1 in Invocations
  8413 | D:10     | Found a glowing golden altar of the Shining One.
  8494 | D:10     | Reached skill level 5 in Spellcasting
  8553 | D:10     | Noticed a red ugly thing
  9529 | D:10     | Noticed a hornet
  9536 | D:10     | Killed a hornet
  9548 | D:10     | Reached skill level 5 in Short Blades
  9561 | D:10     | Noticed a hornet
  9566 | D:10     | Killed a hornet
  9567 | D:10     | Reached skill level 5 in Fighting
  9567 | D:10     | Reached XP level 10. HP: 53/66 MP: 17/17
  9656 | D:10     | Reached skill level 8 in Stealth
  9744 | D:10     | Reached ** piety under Sif Muna
 10154 | D:10     | Found Zuen Makou's Armour Emporium.
 10181 | D:10     | You fall into a shaft and drop 3 floors!
 10216 | D:13     | Noticed a green ugly thing
 10292 | D:13     | Noticed a centaur warrior
 10292 | D:13     | Noticed a boulder beetle
 10297 | D:13     | Noticed a two-headed ogre
 10307 | D:13     | Shot with an arrow by a centaur warrior

Illustrated notes

Levels and vault maps discovered:
D:1:      dpeg_arrival_tiny_a, layout_loops_ring, chequers_avenue
D:2:      layout_basic, minmay_octomino_j4, uniq_sigmund, uniq_natasha
D:3:      layout_loops_cross
D:4:      layout_loops_ring, mainiacjoe_overflow_alcove_1, uniq_pikel
D:5:      layout_basic, overflow_temple_1_default
D:6:      cheibrodos_helix_gallery, layout_loops_ring,
          eat_drink_and_be_merry_uskayaw, nicolae_vehumet_radiance,
          minmay_temple_entry_drinking_statues, serial_shops, kennysheep_mini,
          uniq_edmund
D:7:      layout_rooms, grunt_temple_overflow_opulence, kennysheep_mini_moat,
          yredelemnul_altar_generic, st_stairs_6
D:8:      layout_basic, mainiacjoe_overflow_tiny_flanked, trog_butcher_becter,
          due_lair_maze_entry_diamond, dk_noncrumbling_2, uniq_grum
D:9:      layout_roguey, mainiacjoe_overflow_small_starburst,
          minmay_misc_feat_roman
D:10:     minmay_tri_box, layout_basic, tso_metal_star, zombieorc2_lemuel,
          serial_shops, nicolae_shop_statue_plus, serial_glass, glass_columns_a,
          glass_columns_a, glass_columns_b, glass_columns_b, glass_columns_b,
          glass_columns_a, nicolae_zen_rock_garden, st_stairs_3
D:13:     minmay_curly_fans, layout_rooms, lightli_vaults_fourway_checkpoint,
          serial_shops, nicolae_shop_trees
Temple:   compressed_dpeg_circular_temple

Skill      XL: |  1  2  3  4  5  6  7  8  9 10 |
---------------+-------------------------------+-----
Stealth        | 3 4 5 6 7 8 |  8.3
Fighting       | 1 2 3 4 5 |  5.3
Shields        | 1 2 3 4 |  4.0
Dodging        | 3 4 5 |  5.9
Spellcasting   | 3 4 5 |  5.4
Conjurations   | 5 6 |  6.8
Short Blades   | 3 5 |  5.8
Invocations    | 2 3 |  3.1

Action                   |  1- 3 |  4- 6 |  7- 9 | 10-12 || total
-------------------------+-------+-------+-------+-------++-------
Melee: Unarmed           |    10 |     5 |       |       ||    15
       Constrict         |     2 |     2 |     3 |     2 ||     9
       Tentacles         |     1 |       |     4 |    12 ||    17
       Short sword       |       |       |    17 |    47 ||    64
 Cast: Magic Dart        |    49 |    48 |    47 |    24 ||   168
       Searing Ray       |     4 |    26 |    48 |    13 ||    91
       Apportation       |       |       |    44 |     9 ||    53
Invok: Channel Magic     |       |       |     1 |       ||     1
  Use: Scroll            |     1 |     1 |     9 |     6 ||    17
       Potion            |       |     1 |       |       ||     1
 Stab: Sleeping          |       |       |     4 |     1 ||     5
Armor: Skin              |       |     1 |     1 |     2 ||     4
Dodge: Dodged            |    11 |     8 |    27 |    17 ||    63
Block: Buckler           |       |     4 |    11 |    22 ||    37
